AoeStats
← kuba00x

Arena

508386520Analyzed
1v1 RM · 11d ago on Sep 22, 2026· 24m 14s· 2 players
Game mode
Random Map
Map size
Tiny (2 player)
Population
200
Speed
Normal
Resources
Standard
Victory
Conquest
Starting age
Dark Age
Ending age
Imperial Age
RankedLock teamsTeams togetherTeam positionsShared explorationLock speedFull tech treeHidden civsTurbo modeCheats
Victory
Defeat
🇪🇸 Spanish · Spain
843
+15
🇨🇿 Britons · Czechia
811
-15
kuba00x
0:58 Loom
10:56 Feudal Age
20:53 Castle Age
19:10 Stone Mining
19:24 Gold Mining
19:31 Horse Collar
19:59 Double-Bit Axe
21:30 Wheelbarrow
21:17 Town Watch
El_Generalísimo
11:51 Feudal Age
16:59 Loom
19:21 Castle Age
23:43 Double-Bit Axe
Connection lost

Rejoining the realm…

Still unreachable

The connection could not be restored.

Session expired

The server has moved on; the page needs a fresh start.